 Dungeon Crawl Stone Soup version 0.27.1-35-g4d5d836560 (webtiles) character file.

Game seed: 4356322123945564040

1 tkbsonic5 the Grave Robber (level 1, -3/13 HPs)
             Began as a Demonspawn Necromancer on Jan 2, 2023.
             Killed from afar by a dart slug (6 damage)
             ... with a slug dart
             ... on level 1 of the Dungeon.
             The game lasted 00:02:20 (66 turns).

tkbsonic5 the Grave Robber (Demonspawn Necromancer)   Turns: 66, Time: 00:02:21

Health: -3/13      AC:  2    Str:  8    XL:     1   Next: 16%
Magic:  0/3        EV: 12    Int: 16    God:
Gold:   8          SH:  0    Dex: 13    Spells: 3/4 levels left

rFire    . . .     SeeInvis .   (no weapon)
rCold    . . .     Faith    .   (no shield)
rNeg     . . .     Spirit   .   a - +0 robe
rPois    .         Reflect  .   (no helmet)
rElec    .         Harm     .   (no cloak)
rCorr    .         Rampage  .   (no gloves)
Will     .....                  (no boots)
Stlth    ++........             (no amulet)
HPRegen  0.04/turn              (no ring)
MPRegen  0.08/turn              (no ring)

@: unable to read
A: hooves 1, inability to read while threatened
a: no special abilities


You were on level 1 of the Dungeon.
You visited 1 branch of the dungeon, and saw 1 of its levels.

You collected 8 gold pieces.

Inventory:

Armour
 a - a +0 robe (worn)


   Skills:
 + Level 0.0 Fighting
 - Level 1.7 Dodging
 - Level 1.7 Stealth
 * Level 2.0 Spellcasting
 * Level 4.4 Necromancy


You had 3 spell levels left.
You knew the following spells:

 Your Spells              Type           Power      Damage    Failure   Level
a - Pain                  Necr           60%        1d7       3%          1

Your spell library contained the following spells:

 Spells                   Type           Power      Damage    Failure   Level
 Animate Skeleton         Necr           30%        N/A       3%          1
 Vampiric Draining        Necr           7%         2d7       10%         3
 Animate Dead             Necr           7%         N/A       32%         4
 Agony                    Necr           15%        N/A       67%         5


Dungeon Overview and Level Annotations

Branches:
Dungeon (1/15)

Altars:


Innate Abilities, Weirdness & Mutations

You have large cloven feet.
You sometimes lose the ability to read scrolls when taking damage.


Message History

A bat comes into view.
Aiming: Pain (safe; 3% risk of failure)
Press: ? - help, Q - select action Shift-Dir - straight line, f - dart slug
Aim: a dart slug (chance to affect: 85%)
The dart slug barely resists.
Aiming: Pain (safe; 3% risk of failure)
Press: ? - help, Q - select action Shift-Dir - straight line, f/p - dart slug
Aim: a dart slug (chance to affect: 85%)
The dart slug writhes in agony.
The dart slug launches a dart at you. The slug dart misses you.
The dart slug misses you. The dart slug launches a dart at you.
The slug dart misses you.
Aiming: Pain (safe; 3% risk of failure)
Press: ? - help, Q - select action Shift-Dir - straight line, f - dart slug, p - dart slug
Aim: a dart slug (chance to affect: 85%)
The dart slug writhes in agony.
You hit the dart slug.
You kick the dart slug, but do no damage.
The dart slug is moderately wounded.
The dart slug completely misses you. The dart slug bites you.
You feel threatened and lose the ability to read scrolls!
* * * LOW HITPOINT WARNING * * *
You cannot read scrolls in your current state!
You aren't carrying any potions.
You hit the dart slug but do no damage.
The dart slug is moderately wounded.
You can read scrolls again.
The dart slug launches a dart at you. The slug dart misses you.
The dart slug barely misses you.
You hit the dart slug but do no damage. You kick the dart slug.
The dart slug is severely wounded.
You hit the dart slug but do no damage. You kick the dart slug.
The dart slug is severely wounded.
The dart slug barely misses you. The dart slug launches a dart at you.
The slug dart hits you.
You feel threatened and lose the ability to read scrolls!
You die...

......
......#######
........#...#
......#.#.#.#
..........#.# ###
........###.# #.#
......#.# #.# #..
..... #w###.# #.#
.### #@w.#.# #.#
###.#.####.##
#.......##..##
#..#.#.#.##...#####
# #...............
#...............
#...............
#...........####
#.........##....


You could see 2 dart slugs.

Vanquished Creatures
  A giant cockroach (D:1)
1 creature vanquished.

Notes
Turn   | Place    | Note
-------+----------+-------------------------------------------
     0 | D:1      | tkbsonic5 the Demonspawn Necromancer began the quest for
                  | the Orb.
     0 | D:1      | Reached XP level 1. HP: 13/13 MP: 3/3
    43 | D:1      | Gained mutation: You sometimes lose the ability to read
                  | scrolls when taking damage. [potion of mutation]
    43 | D:1      | Gained mutation: You have large cloven feet. [potion of
                  | mutation]
    66 | D:1      | Killed from afar by a dart slug

Illustrated notes

Levels and vault maps discovered:
D:1:      dpeg_arrival_solitude, layout_rooms

Action                   || total
-------------------------++-------
Melee: Unarmed           ||     4
       Kick              ||     3
 Cast: Pain              ||     6
  Use: Scroll            ||     1
       Potion            ||     1
Dodge: Dodged            ||     8
